AoeStats
← HOUNGOUNGAGNE

Golden Pit

510255009Analyzed
1v1 RM · 2d ago on Sep 30, 2026· 27m 48s· 2 players
Game mode
Random Map
Map size
Tiny (2 player)
Population
200
Speed
Normal
Resources
Standard
Victory
Conquest
Starting age
Dark Age
Ending age
Imperial Age
RankedLock teamsTeams togetherTeam positionsShared explorationLock speedFull tech treeHidden civsTurbo modeCheats
Victory
Defeat
🇦🇷 Franks · Argentina
1219
+14
🇺🇸 Spanish · United States
1173
-14
doris_deadleg
7:54 Loom
10:21 Feudal Age
16:03 Castle Age
15:55 Double-Bit Axe
18:35 Padded Archer Armor
18:58 Padded Archer Armor
20:44 Gold Mining
HOUNGOUNGAGNE
6:51 Loom
8:45 Feudal Age
22:28 Castle Age
21:05 Fletching
23:14 Bodkin Arrow
22:43 Elite Skirmisher
25:05 Husbandry
Connection lost

Rejoining the realm…

Still unreachable

The connection could not be restored.

Session expired

The server has moved on; the page needs a fresh start.